 Dungeon Crawl Stone Soup version 0.26-a0-1058-g8dc6ce00ff (webtiles) character file.

Game seed: 10087278721319816537

1174 KristoblXynda the Slasher (level 8, -3/61 HPs)
             Began as a Black Draconian Warper on Dec 13, 2020.
             Was an Initiate of Ashenzari.
             Slain by an iguana (9 damage)
             ... on level 5 of the Dungeon.
             The game lasted 00:09:31 (8373 turns).

KristoblXynda the Slasher (Black Draconian Warper)  Turns: 8373, Time: 00:09:32

Health: -3/61      AC:  7    Str: 14    XL:     8   Next: 18%
Magic:  12/12      EV: 14    Int: 15    God:    Ashenzari [......]
Gold:   331        SH:  0    Dex: 11    Spells: 11/13 levels left

rFire    + . .     SeeInvis .   a - +0 falchion
rCold    . . .     Faith    .   (no shield)
rNeg     . . .     Spirit   .   (armour unavailable)
rPois    .         Reflect  .   (helmet restricted)
rElec    +         Harm     .   (no cloak)
rCorr    .         Rampage  .   u - +0 pair of gloves
Will     .....                  (no boots)
Stlth    +.........             (no amulet)
HPRegen  0.20/turn              l - ring of protection from fire
MPRegen  0.13/turn              (no ring)

@: no status effects
A: breathe lightning, unfitting armour, electricity resistance, cold-blooded, AC
+6
a: Breathe Lightning, Curse Item, Renounce Religion


You were on level 5 of the Dungeon.
You worshipped Ashenzari.
Ashenzari was noncommittal.
You visited 1 branch of the dungeon, and saw 5 of its levels.

You collected 331 gold pieces.

Inventory:

Hand Weapons
 a - a +0 falchion (weapon)
 i - a +1 dagger of freezing
Missiles
 d - 2 boomerangs of dispersal (quivered)
Armour
 u - a +0 pair of gloves (worn)
Jewellery
 l - a ring of protection from fire (left hand)
Scrolls
 c - 2 scrolls of blinking
 f - 2 scrolls of fear
 g - 2 scrolls of teleportation
 h - a scroll of amnesia {unknown}
 j - a scroll of remove curse
 m - a scroll of enchant armour {unknown}
 o - a scroll of noise {unknown}
 s - 2 scrolls of random uselessness {unknown}
Potions
 b - a potion of brilliance
 e - a potion of ambrosia
 k - 2 potions of cancellation
 n - a potion of flight
 p - a potion of lignification {unknown}
 q - a potion of curing
 t - a potion of haste
 v - a potion of attraction {unknown}


   Skills:
 - Level 2.1 Fighting
 * Level 7.1 Long Blades
 - Level 1.0 Throwing
 + Level 4.8 Dodging
 + Level 3.1 Spellcasting
 - Level 5.0 Translocations


You had 11 spell levels left.
You knew the following spells:

 Your Spells              Type           Power        Failure   Level
a - Blink                 Tloc           N/A          3%          2

Your spell library contained the following spells:

 Spells                   Type           Power        Failure   Level
 Gell's Gravitas          Tloc           ###.......   8%          3
 Lesser Beckoning         Tloc           ###.......   8%          3
 Teleport Other           Tloc           ###.....     8%          3
 Passage of Golubria      Tloc           N/A          26%         4


Dungeon Overview and Level Annotations

Branches:
Dungeon (5/15)             Temple (0/1) D:5

Altars:
Ashenzari
Fedhas
Kikubaaqudgha
Makhleb
Trog
Xom
The Shining One


Innate Abilities, Weirdness & Mutations

You can breathe wild blasts of lightning.
Your glossy black scales are hard. (AC +6)
You cannot fit into any form of body armour.
You are resistant to electric shocks. (rElec)
You are cold-blooded and may be slowed by cold attacks.


Message History

The iguana bites you!
* * * LOW HITPOINT WARNING * * *
You closely miss the iguana.
The iguana is lightly wounded.
The iguana bites you.
* * * LOW HITPOINT WARNING * * *
You hit the iguana.
The iguana is lightly wounded.
The iguana closely misses you.
You riposte.
You hit the iguana but do no damage.
The iguana is lightly wounded.
The iguana barely misses you.
You have got your breath back.
Throw: 3 boomerangs (disperse)
Press: ? - help, Q - select action, (/) - cycle Shift-Dir - straight line, f - iguana
Aim: an iguana (lightly wounded)
You throw a boomerang of dispersal.
The boomerang of dispersal barely misses the iguana.
The iguana bites you!
You die...

... #..... ... #.####
...##############
##.####
...†............#
#......
...###......###.##
#...... ... #......#
#..# #...... ...
######## ##.# #......
... #l# #...... ...
#######@##########.....)
##.
........................
...
.######..##.#######.####
⌠.. ##.##.# #.........
... #..#.# #.........
##. ##.#.# #.........
... #.#.###......... ...
#......####.#... !..
#......####.#..#


You could see an iguana.

Vanquished Creatures
  Menkaure (D:4)
  An orc warrior (D:4)
  An ice beast (D:5)
  A phantom (D:5)
  A sky beast (D:5)
  A centaur (D:5)
  A hound (D:4)
  An iron imp (D:4)
  An orc priest (D:4)
  4 orc wizards
  Natasha (thrice) (D:2)
  A worker ant (D:5)
  A hound zombie (D:5)
  A hound skeleton (D:4)
  A worker ant zombie (D:5)
  Robin (D:4)
  7 adders
  4 gnolls (D:5)
  A white imp (D:5)
  3 oozes
  3 worms
  2 dart slugs
  3 leopard geckos
  15 orcs
  3 giant cockroaches
  20 goblins
  8 hobgoblins
  3 jackals (D:1)
  5 quokkas
  A ball python (D:1)
  8 bats
  3 frilled lizards (D:3)
  10 kobolds
  A quokka skeleton (D:5)
  13 rats
134 creatures vanquished.

Vanquished Creatures (others)
  4 plants (D:3)
4 creatures vanquished.

Grand Total: 138 creatures vanquished

Notes
Turn   | Place    | Note
-------+----------+-------------------------------------------
     0 | D:1      | KristoblXynda the Draconian Warper began the quest for the
                  | Orb.
     0 | D:1      | Reached XP level 1. HP: 17/17 MP: 3/3
    49 | D:1      | Reached skill level 1 in Throwing
   308 | D:1      | Reached XP level 2. HP: 24/24 MP: 5/5
   551 | D:1      | Reached XP level 3. HP: 23/29 MP: 6/6
   954 | D:1      | Reached skill level 3 in Long Blades
  1043 | D:2      | Found a blossoming altar of Fedhas.
  1202 | D:2      | Noticed Natasha
  1217 | D:2      | Killed Natasha
  1218 | D:2      | Reached XP level 4. HP: 14/36 MP: 7/7
  1694 | D:2      | Noticed Natasha
  1701 | D:2      | Killed Natasha
  1947 | D:2      | Learned a level 2 spell: Blink
  1949 | D:2      | Noticed Natasha
  1958 | D:2      | Killed Natasha
  1959 | D:2      | Reached XP level 5. HP: 29/41 MP: 8/8
  2108 | D:2      | Found a glowing golden altar of the Shining One.
  2204 | D:2      | Found a bloodstained altar of Trog.
  2220 | D:2      | Reached skill level 4 in Long Blades
  3246 | D:3      | Found a faded altar of an unknown god.
  4057 | D:4      | Reached XP level 6. HP: 36/48 MP: 9/9
  4374 | D:4      | Noticed Menkaure
  4390 | D:4      | Killed Menkaure
  4391 | D:4      | Reached skill level 5 in Long Blades
  4575 | D:4      | Found a burning altar of Makhleb.
  4884 | D:4      | Noticed an orc warrior
  4916 | D:4      | Killed an orc warrior
  4917 | D:4      | Your scales start taking on a glossy black colour.
  4917 | D:4      | Reached XP level 7. HP: 23/55 MP: 10/10
  4917 | D:4      | Gained mutation: You are resistant to electric shocks.
                  | (rElec) [Black Draconian growth]
  5232 | D:4      | Found an ancient bone altar of Kikubaaqudgha.
  5486 | D:4      | Noticed Robin
  5507 | D:4      | Reached skill level 5 in Translocations
  5515 | D:4      | Killed Robin
  6039 | D:4      | Found a shimmering altar of Xom.
  6411 | D:5      | Entered Level 5 of the Dungeon
  6445 | D:5      | Reached skill level 6 in Long Blades
  7317 | D:5      | Found a staircase to the Ecumenical Temple.
  7859 | D:5      | Found a broken altar of Ashenzari.
  7974 | D:5      | Reached XP level 8. HP: 29/61 MP: 12/12
  8175 | D:5      | Became a worshipper of Ashenzari the Shackled
  8354 | D:5      | Reached skill level 7 in Long Blades
  8356 | D:5      | HP: 2/61 [iguana (5)]
  8373 | D:5      | Slain by an iguana

Illustrated notes

Levels and vault maps discovered:
D:1:      elethiomel_arrival_diamonds, layout_loops_ring
D:2:      layout_loops_ring, fedhas_altar_1, lightli_temple_of_fire,
          lemuel_coloured_pillars_altar, chequers_serial_rivers_large_b,
          hangedman_decor_peaks_small, minmay_crystal_room,
          uniq_crazy_yiuf_cottage, uniq_natasha
D:3:      layout_basic, chequers_ecumenical_altar_lobes
D:4:      layout_basic, makhleb_grotto_becter, overflow_temple_1_default,
          st_stairs_7, brannock_xom_greatest_gift, uniq_robin, uniq_menkaure
D:5:      cheibrodos_helix_gallery, layout_basic, nicolae_ashenzari_panopticon,
          minmay_temple_entry_junction_2

Skill      XL: |  1  2  3  4  5  6  7  8 |
---------------+-------------------------+-----
Throwing       | 1 |  1.0
Long Blades    | 3 4 5 6 7 |  7.1
Dodging        | 3 4 |  4.8
Translocations | 4 5 |  5.0
Spellcasting   | 3 |  3.1
Fighting       | |  2.1

Action                   |  1- 3 |  4- 6 |  7- 9 || total
-------------------------+-------+-------+-------++-------
Melee: Falchion          |    44 |       |    67 ||   111
       Tailslap          |    15 |    33 |    23 ||    71
       Dagger            |    80 |   316 |   200 ||   596
Throw: Boomerang         |       |     2 |     1 ||     3
 Abil: Breathe Lightning |       |       |     4 ||     4
  Use: Scroll            |       |     5 |     3 ||     8
       Potion            |       |     7 |       ||     7
 Stab: Sleeping          |       |     2 |       ||     2
Armor: Skin              |    36 |    41 |    52 ||   129
Dodge: Dodged            |   103 |   151 |   145 ||   399
       Rpst.: Falchion   |    23 |       |    11 ||    34

Table legend: (Time is in decaauts)
 A = Elapsed time spent in this place.
 B = Non-inter-level travel time spent in this place.
 C = Inter-level travel time spent in this place.
 D = Time resting spent in this place.
 E = Time spent auto-exploring this place.
 F = Levels seen in this place.
 G = Mean time per level.
                   A        B        C        D        E       F      G
               +--------+--------+--------+--------+--------+-----+--------+
         Total |   8330 |   8128 |    202 |   3716 |   3015 |   5 | 1666.0 |
       Dungeon |   8330 |   8128 |    202 |   3716 |   3015 |   5 | 1666.0 |
               +--------+--------+--------+--------+--------+-----+--------+

Top non-repeatable levels by time:
     D:4: 2305 daAuts
     D:5: 1933 daAuts
     D:2: 1542 daAuts
     D:3: 1508 daAuts
     D:1: 1041 daAuts
